 Dungeon Crawl Stone Soup version 0.23.2 (webtiles) character file.

Game seed: 8161033355020263860

11767 Gargoyl the Protected (level 11, -2/92 HPs)
             Began as a Centaur Abyssal Knight on Apr 6, 2019.
             Was an Elder of Lugonu.
             Slain by a cyan ugly thing (13 damage)
             ... on level 14 of the Dungeon.
             The game lasted 00:25:06 (17742 turns).

Gargoyl the Protected (Centaur Abyssal Knight)     Turns: 17742, Time: 00:25:08

Health: -2/92      AC: 15    Str: 16 (17) XL:     11   Next: 53%
Magic:  17/17      EV:  4    Int: 10 (11) God:    Lugonu [****..]
Gold:   558        SH:  3    Dex:  8 (10) Spells: 10/10 levels left

rFire    . . .     SeeInvis .   r - +3 war axe
rCold    . . .     Gourm    .   E - +0 buckler
rNeg     . . .     Faith    .   d - +0 plate armour
rPois    .         Spirit   .   q - +1 hat
rElec    .         Reflect  .   j - +0 cloak
rCorr    .         Harm     .   k - +0 pair of gloves
MR       +....                  (no barding)
Stlth    ..........             i - amulet of rage
HPRegen  0.25/turn              C - ring of protection from magic
MPRegen  0.15/turn              (no ring)

@: berserk cooldown, slowed, studying Fighting
A: large, hooves 3, deformed body, speed 2, tough skin 3
a: Depart the Abyss, Bend Space, Banish, Corrupt, Renounce Religion, Evoke
Berserk Rage


You were on level 14 of the Dungeon.
You worshipped Lugonu.
Lugonu was greatly pleased with you.
You were not hungry.

You visited 1 branch of the dungeon, and saw 12 of its levels.
You visited the Abyss 1 time.
You also visited: Sewer.

You collected 600 gold pieces.
You spent 42 gold pieces at shops.

Inventory:

Hand Weapons
 a - a +3 hand axe
 r - a +3 war axe (weapon)
 F - a cursed +3 hand axe of freezing
Missiles
 y - 6 tomahawks (quivered)
Armour
 d - a +0 plate armour (worn)
 j - a +0 cloak (worn)
 k - a +0 pair of gloves (worn)
 q - a +1 hat (worn)
 E - a +0 buckler (worn)
Jewellery
 i - an amulet of rage (around neck)
 C - a ring of protection from magic (left hand)
Wands
 b - a wand of paralysis (8)
 o - a wand of random effects (17)
 v - a wand of polymorph (8)
 w - a wand of iceblast (14)
Scrolls
 e - a scroll of fear
 f - 9 scrolls of identify
 h - 5 scrolls of remove curse
 l - 4 scrolls of fog
 m - 6 scrolls of magic mapping
 u - a scroll of teleportation
Potions
 n - 4 potions of flight
 p - a potion of magic {unknown}
 t - 3 potions of ambrosia {unknown}
 x - a potion of curing
 z - 2 potions of might {unknown}
 B - 2 potions of lignification {unknown}
 D - a potion of cancellation {unknown}
Books
 A - a manual of Fighting
Comestibles
 c - 14 rations


   Skills:
 + Level 7.1 Fighting
 + Level 8.4 Axes
 + Level 1.2 Throwing
 * Level 8.5 Armour
 * Level 5.5 Dodging
 + Level 1.2 Shields
 * Level 8.1 Invocations
 + Level 2.1 Evocations


You had 10 spell levels left.
You didn't know any spells.
Your spell library contained the following spells:

 Spells                   Type           Power        Failure   Level  Hunger
 Confusing Touch          Hex            #.....       100%        1    ##.....
 Confuse                  Hex            #.......     100%        3    ####...
 Gell's Gravitas          Tloc           #.........   100%        3    ####...
 Leda's Liquefaction      Hex/Erth       #.........   100%        4    #####..
 Petrify                  Tmut/Erth      #.......     100%        4    #####..
 Bolt of Magma            Conj/Fire/Erth #.........   100%        5    ######.
 Metabolic Englaciation   Hex/Ice        #.........   100%        5    ######.
 Yara's Violent Unravell  Hex/Tmut       #.........   100%        5    ######.
 Iron Shot                Conj/Erth      #.........   100%        6    #######
 Statue Form              Tmut/Erth      #........    100%        6    #######
 Shatter                  Erth           #.........   100%        9    #######


Dungeon Overview and Level Annotations

Branches:
Dungeon (11/15)            Temple (0/1) D:6            Lair (0/6) D:11
    Orc: D:9-12

Altars:
Makhleb
Nemelex Xobeh

Shops:
D:6 *   D:10 *

Annotations:
D:9 exclusion: ice statue


Innate Abilities, Weirdness & Mutations

You have hooves in place of feet.
Armour fits poorly on your strangely shaped body.
You cover ground very quickly.
You have extremely tough skin. (AC +3)


Message History

You are no longer berserk.
You are exhausted.
You feel yourself slow down.
The purple ugly thing basks in the mutagenic energy from its kin and changes!
You closely miss the cyan ugly thing. Your kick misses the cyan ugly thing.
The cyan ugly thing is heavily wounded.
The cyan ugly thing punches you! The cyan ugly thing shocks you!
The cyan ugly thing punches you but does no damage.
You slash the cyan ugly thing! Your kick misses the cyan ugly thing.
The cyan ugly thing is severely wounded.
The cyan ugly thing punches you! The cyan ugly thing shocks you!
The cyan ugly thing punches you. The cyan ugly thing shocks you!
* * * LOW HITPOINT WARNING * * *
You hit the cyan ugly thing.
The cyan ugly thing is severely wounded.
The cyan ugly thing punches you but does no damage.
The cyan ugly thing punches you.
* * * LOW HITPOINT WARNING * * *
The cyan ugly thing shocks you!
You die...

#.....# #.#...# #######
#.##5## .......###)##W#
...........##.# #####
[..........##.#########...#
..........###.....5.......#
.....>....#############§..#
.........(†.(.uu@...# ##.##
...#...#..#########.# #.#
#### #...#.># #.# #.# #..
#...#..# #.# #.# #.#
#####..# #.# #W# #)# #..#
#.# #.# #.# ...# #.#
#.###.#### ##.# #.#
#.W.W....# #.# #####.##.#


You could see 2 ugly things.

Vanquished Creatures
  A two-headed ogre (D:9)
  A tengu warrior (D:14)
  2 ugly things (D:14)
  A cyclops (D:8)
  3 kobold demonologists
  A troll (D:9)
  A hornet (D:14)
  A queen bee (D:9)
  A hippogriff (D:9)
  A shadow (D:11)
  2 wraiths
  6 yaks
  A wyvern (D:8)
  Eustachio (D:6)
  2 water moccasins (D:7)
  A necrophage (D:14)
  A sky beast (D:8)
  An eye of draining (D:8)
  A black bear (D:6)
  An ice beast (D:8)
  2 phantoms
  4 ogres (D:5)
  A centaur (D:8)
  2 crocodiles
  2 big kobolds (D:14)
  6 bullfrogs
  A wyvern zombie (D:9)
  A gnoll sergeant (D:8)
  2 wyvern skeletons
  2 scorpions
  12 wights
  13 killer bees (D:9)
  9 howler monkeys
  3 crimson imps
  A jelly (D:11)
  6 hounds
  2 quasits (D:9)
  3 centaur skeletons
  7 orc priests
  6 iguanas
  3 orc wizards
  9 worker ants
  2 hound zombies
  A worker ant zombie (D:10)
  4 gnolls (D:6)
  A river rat (D:3)
  10 adders
  5 shadow imps
  2 oozes (D:4)
  2 adder skeletons
  3 dart slugs
  7 leopard geckos
  15 orcs
  7 giant cockroaches
  6 goblins
  4 hobgoblins
  5 jackals
  9 kobolds
  2 quokkas
  4 ball pythons
  3 bats
  7 frilled lizards
  A quokka zombie (D:7)
  6 rats
233 creatures vanquished.

Vanquished Creatures (others)
  An ugly thing (D:11)
  A cyclops (D:11)
  An efreet (D:11)
  2 hornets
  An ice beast (D:9)
  2 killer bees (D:9)
  An orc (D:11)
9 creatures vanquished.

Grand Total: 242 creatures vanquished

Notes
Turn   | Place    | Note
-------+----------+-------------------------------------------
     0 | Abyss:1  | Gargoyl the Centaur Abyssal Knight began the quest for the
                  | Orb.
     0 | Abyss:1  | Reached XP level 1. HP: 19/19 MP: 2/2
    59 | Abyss:1  | Noticed an insubstantial wisp
   110 | Abyss:1  | Noticed a chaos spawn
   123 | Abyss:1  | Noticed a thrashing horror
   132 | D:1      | Escaped the Abyss
   345 | D:1      | Reached XP level 2. HP: 20/26 MP: 3/3
   467 | D:1      | Reached * piety under Lugonu
   709 | D:1      | Reached skill level 1 in Dodging
  1064 | D:2      | Reached XP level 3. HP: 31/31 MP: 4/4
  1341 | D:2      | Found a faded altar of an unknown god.
  1542 | D:2      | Reached XP level 4. HP: 33/38 MP: 5/5
  1926 | D:3      | Noticed a phantom
  1965 | D:3      | Killed a phantom
  1965 | D:3      | Reached XP level 5. HP: 22/46 MP: 5/7
  2202 | D:3      | Found a glowing drain.
  2211 | Sewer    | Entered a sewer
  2321 | Sewer    | Reached ** piety under Lugonu
  2372 | Sewer    | Noticed a crocodile
  2382 | Sewer    | Killed a crocodile
  2659 | D:3      | HP: 2/69 [river rat (6)]
  2661 | D:3      | Reached XP level 6. HP: 2/52 MP: 8/8
  4135 | D:4      | Found a sparkling altar of Nemelex Xobeh.
  4559 | D:5      | Entered Level 5 of the Dungeon
  4689 | D:5      | Reached XP level 7. HP: 32/58 MP: 9/9
  5898 | D:5      | Reached XP level 8. HP: 62/66 MP: 9/11
  6060 | D:6      | Found a staircase to the Ecumenical Temple.
  6455 | D:6      | Reached skill level 1 in Evocations
  6590 | D:6      | Noticed Eustachio
  6605 | D:6      | Killed Eustachio
  6759 | D:6      | Reached skill level 5 in Armour
  7219 | D:6      | Found Witzom's General Store.
  7223 | D:6      | Bought a scroll of teleportation for 42 gold pieces
  7598 | D:7      | Reached skill level 5 in Axes
  8264 | D:7      | Reached skill level 5 in Invocations
  8267 | D:7      | Reached *** piety under Lugonu
  8267 | D:7      | Reached XP level 9. HP: 53/72 MP: 12/12
  8997 | D:8      | Reached skill level 5 in Fighting
  9010 | D:8      | Noticed a cyclops
  9020 | D:8      | HP: 4/111 [cyclops (4)]
  9022 | D:8      | Killed a cyclops
  9538 | D:8      | Found a burning altar of Makhleb.
 10604 | D:9      | Noticed an ice devil
 10604 | D:9      | Noticed an ice devil
 10605 | D:9      | Noticed an ice devil
 10605 | D:9      | Noticed an ice statue
 10605 | D:9      | Noticed an ice devil
 10605 | D:9      | Noticed an ice devil
 10605 | D:9      | Noticed an ice devil
 10966 | D:9      | Noticed a queen bee
 10974 | D:9      | Killed a queen bee
 10974 | D:9      | Reached XP level 10. HP: 81/81 MP: 14/14
 11474 | D:9      | Noticed a two-headed ogre
 11487 | D:9      | Killed a two-headed ogre
 11562 | D:9      | Reached **** piety under Lugonu
 12010 | D:9      | Reached skill level 1 in Throwing
 12766 | D:10     | Entered Level 10 of the Dungeon
 12847 | D:10     | Found Qecuwk's Island Escapes.
 14108 | D:10     | Paralysed by a hornet for 2 turns
 14114 | D:10     | HP: 3/83 [hornet (12)]
 14411 | D:11     | Noticed a red ugly thing
 14435 | D:11     | Banished a red ugly thing
 14775 | D:11     | Noticed a cyclops
 14777 | D:11     | HP: 4/84 [poisoned by a worker ant]
 14781 | D:11     | Banished a cyclops
 15826 | D:11     | Noticed an orange demon
 15844 | D:11     | Reached XP level 11. HP: 78/91 MP: 16/16
 16327 | D:11     | Reached skill level 5 in Dodging
 16414 | D:11     | Found a staircase to the Lair.
 17011 | D:11     | You fall through a shaft for 3 floors!
 17011 | D:14     | Noticed a red ugly thing
 17011 | D:14     | Noticed a red ugly thing
 17032 | D:14     | Noticed a tengu warrior
 17044 | D:14     | Killed a tengu warrior
 17044 | D:14     | Reached skill level 1 in Shields
 17327 | D:14     | Paralysed by a hornet for 3 turns
 17334 | D:14     | Paralysed by a hornet for 2 turns
 17339 | D:14     | Noticed a sun demon
 17711 | D:14     | Noticed a red ugly thing
 17722 | D:14     | Noticed a red ugly thing
 17731 | D:14     | Killed a cyan ugly thing
 17735 | D:14     | Killed a cyan ugly thing
 17742 | D:14     | Slain by a cyan ugly thing

Skill      XL: |  1  2  3  4  5  6  7  8  9 10 11 |
---------------+----------------------------------+-----
Dodging        | 1 2 3 4 5 |  5.5
Axes           | 2 3 4 5 7 8 |  8.4
Armour         | 2 3 4 5 6 7 8 |  8.5
Invocations    | 3 4 5 6 7 8 |  8.1
Fighting       | 4 5 6 7 |  7.1
Evocations     | 1 2 |  2.1
Throwing       | 1 |  1.2
Shields        | 1 |  1.2

Action                   |  1- 3 |  4- 6 |  7- 9 | 10-12 || total
-------------------------+-------+-------+-------+-------++-------
Melee: Hand axe          |   106 |   167 |   143 |       ||   416
       Kick              |     7 |    31 |    88 |    75 ||   201
       War axe           |       |       |   208 |   387 ||   595
Throw: Tomahawk          |       |       |     8 |    15 ||    23
Invok: Depart the Abyss  |     1 |       |       |       ||     1
       Banish            |       |       |       |     9 ||     9
 Abil: Evoke Berserk Rag |       |     1 |     7 |     6 ||    14
Evoke: Wand              |       |    10 |     7 |     1 ||    18
  Use: Scroll            |     6 |     5 |     6 |     4 ||    21
       Potion            |     1 |     2 |     1 |    10 ||    14
 Stab: Paralysed         |       |       |     2 |       ||     2
       Invisible         |       |       |       |     1 ||     1
  Eat: Chunk             |     1 |     9 |    16 |    17 ||    43
       Ration            |       |       |     3 |     3 ||     6
Armor: Plate armour      |   106 |   155 |   295 |   372 ||   928
Dodge: Dodged            |    14 |    19 |    80 |   105 ||   218
Block: Buckler           |       |       |     7 |    64 ||    71
